 Dungeon Crawl Stone Soup version 0.19-a0-805-g0a78ef0 (webtiles) character file.

63 4thArraOfDagon the Insei (level 3, -3/26 HPs)
             Began as a Demonspawn Arcane Marksman on June 27, 2016.
             Slain by an orc
             ... wielding a +0 flail
              (7 damage)
             ... on level 4 of the Dungeon.
             The game lasted 00:01:27 (278 turns).

4thArraOfDagon the Insei (DsAM)                      Turns: 278, Time: 00:01:27

Health: -3/26      AC:  2    Str: 11    XL:     3   Next: 87%
Magic:  4/4        EV: 12    Int: 14    God:
Gold:   25         SH:  0    Dex: 13    Spells: 1 memorised, 3 levels left

rFire  . . .     SeeInvis .     i - +0 rapier (venom)
rCold  . . .     Gourm    .     e - +0 robe
rNeg   . . .     Faith    .     (no shield)
rPois  .         Spirit   .     (no helmet)
rElec  .         Dismiss  .     (no cloak)
rCorr  .         Reflect  .     (no gloves)
SustAt .         Harm     .     (no boots)
MR     .....                    (no amulet)
Stlth  +.........               (no ring)
                                (no ring)

@: not resistant to hostile enchantments, very unstealthy
A: spiny 1
a: no special abilities


You were on level 4 of the Dungeon.
You were not hungry.

You visited 1 branch of the dungeon, and saw 5 of its levels.

You collected 25 gold pieces.

Inventory:

Hand Weapons
 a - a +0 hand crossbow
 i - a +0 rapier of venom (weapon)
Missiles
 d - 18 bolts
Armour
 e - a +0 robe (worn)
Scrolls
 b - 2 scrolls of identify {unknown}
 h - a scroll of teleportation {unknown}
Books
 c - a book of Debilitation

   Spells                             Type                      Level
   a - Corona                         Hexes                        1
   b - Slow                           Hexes                        2
   c - Gell's Gravitas                Hexes/Translocation          3
   d - Inner Flame                    Hexes/Fire                   3
   e - Cause Fear                     Hexes                        4
   f - Leda's Liquefaction            Hexes/Earth                  4
Comestibles
 f - 3 bread rations
 j - a meat ration


   Skills:
 - Level 1.0 Fighting
 - Level 1.7 Crossbows
 - Level 1.7 Dodging
 * Level 3.2 Unarmed Combat
 - Level 1.0 Spellcasting
 - Level 3.0 Hexes


You had 3 spell levels left.
You knew the following spells:

 Your Spells              Type           Power        Failure   Level  Hunger
a - Corona                Hex            #......      10%         1    ##.....


Dungeon Overview and Level Annotations

Branches:
Dungeon (5/15)
 Temple: D:4-7

Altars:
Fedhas
Qazlal


Innate Abilities, Weirdness & Mutations

You are partially covered in sharp spines.


Message History

Unknown command.
Unknown command.
Unknown command.
The crimson imp barely misses you.
The orc wizard looks braver for a moment.
Unknown command.
The crimson imp hits you but does no damage.
The crimson imp blinks!
There is a stone staircase leading up here.
The crimson imp puffs mist at you.
The orc hits you from afar with a trident.
* * * LOW HITPOINT WARNING * * *
You climb upwards.
The orc is struck by your spines. The orc closely misses you.
There is a stone staircase leading down here.
Unknown command.
You hit the orc but do no damage.
The orc is poisoned.
The orc is lightly wounded.
The orc hits you with a flail!
You die...

###......# ##........#
#.........# #.........# .
##.........# . #.........##
.## ##.........# #. ..##
#.o........##.. #..###
#@........##.. .....#####
##.........#.#
.........######...........#
.....(#...)...#..........##
.......#####............##
.......# #...........(.#
####..## #.............## .
#..# ##..........##..# ..
#..# #..........###..##
....


You could see an orc.

Vanquished Creatures
  2 worker ants
  A giant gecko (D:4)
  5 orcs
  A goblin (D:1)
  A giant newt (D:4)
  A jackal zombie (D:5)
  A rat (D:1)
12 creatures vanquished.

Notes
Turn   | Place    | Note
--------------------------------------------------------------
     0 | D:1      | 4thArraOfDagon the Demonspawn Arcane Marksman began the quest for the Orb.
     0 | D:1      | Reached XP level 1. HP: 15/15 MP: 2/2
    38 | D:2      | Found a blossoming altar of Fedhas.
    39 | D:2      | Found a stormy altar of Qazlal.
    57 | D:2      | You fall through a shaft for 2 floors!
    59 | D:4      | Reached skill level 1 in Unarmed Combat
    90 | D:3      | Noticed an orc priest
   105 | D:4      | Gained mutation: You are partially covered in sharp spines. [demonic ancestry]
   105 | D:4      | Reached XP level 2. HP: 18/21 MP: 3/3
   141 | D:4      | Reached XP level 3. HP: 26/26 MP: 4/4
   180 | D:5      | Entered Level 5 of the Dungeon
   278 | D:4      | Slain by an orc

Vault maps used:
D:1:      scummos_arrival_hexagon
D:2:      grunt_temple_overflow_forces_of_nature, lemuel_crystal_altar,
          kennysheep_crisscross
D:3:      overflow_temple_1_default, lemuel_doored_altar, hex_tiny, uniq_sigmund
D:4:      kennysheep_mini_moat, kennysheep_mini
D:5:      first_bread

Skill      XL: |  1  2  3 |
---------------+----------+-----
Unarmed Combat | 1 2 3 |  3.2
Fighting       | |  1.0
Crossbows      | |  1.7
Dodging        | |  1.7
Spellcasting   | |  1.0
Hexes          | |  3.0

Action                   || total
-------------------------++-------
Melee: Rapier            ||    13
       Punch             ||     1
 Fire: Hand crossbow     ||    16
  Use: Potion            ||     1
Armor: Robe              ||     3
Dodge: Dodged            ||    13
